 Dungeon Sprint DCSS version 0.30-a0-310-g7d6cbdfea6 (webtiles) character file.

Game seed: 712856467402983000

1024 mhtbhm the Cleaver (level 8, -1/124 HPs)
             Began as an Armataur Berserker on Oct 25, 2022.
             Was a High Priest of Trog.
             Succumbed to a sea snake's poison
             ... in the Dungeon (Sprint VII: "The Pits").
             The game lasted 00:01:26 (263 turns).

mhtbhm the Cleaver (Armataur Berserker)              Turns: 263, Time: 00:01:26

Health: -1/124     AC: 12    Str: 25    XL:     8   Next: 2%
Magic:  8/8        EV:  8    Int:  7    God:    Trog [*****.]
Gold:   0          SH:  0    Dex: 10    Spells: 7/7 levels left

rFire   . . .      SeeInvis .    a - +2 hand axe
rCold   . . .      Faith    .    (no shield)
rNeg    . . .      Spirit   .    b - +3 chain mail
rPois   .          Reflect  .    (no helmet)
rElec   .          Harm     .    (no cloak)
rCorr   .          Roll     +    (no gloves)
Will    .....      NoTele   +    (no barding)
Stlth   ..........               (no amulet)
HPRegen 0.40/turn                (no ring)
MPRegen 0.11/turn                (no ring)

@: berserking, lethally poisoned (-1 -> -46), very quick
A: large, rugged brown scales 3, deformed body, armoured tail, roll, long
tongue, awkward tongue
a: Renounce Religion, Berserk, Trog's Hand, Brothers in Arms


You were in the Dungeon.
You worshipped Trog.
Trog was extremely pleased with you.
You visited 1 branch

Inventory:

Hand Weapons
 a - a +2 hand axe (weapon)
Armour
 b - a +3 chain mail (worn)
Scrolls
 h - a scroll of blinking
 j - a scroll of summoning
Potions
 c - 6 potions of curing
 d - 6 potions of heal wounds
 e - a potion of haste
 f - 4 potions of magic
 g - 3 potions of berserk rage
 i - 2 potions of invisibility


   Skills:
 + Level 9.6 Fighting
 + Level 9.7 Axes
 + Level 8.0 Armour
 + Level 5.0 Dodging
 + Level 2.8 Stealth


You had 7 spell levels left.
You didn't know any spells.
Your spell library was empty.

Dungeon Overview and Level Annotations

Branches:
Dungeon (1/1)

Altars:
Cheibriados
Dithmenos
Elyvilon
Fedhas
Gozag
Hepliaklqana
Makhleb
Nemelex Xobeh
Okawaru
Qazlal
Ru
Sif Muna
Trog
Wu Jian
Xom
Yredelemnul
Zin
The Shining One
Jiyva


Innate Abilities, Weirdness & Mutations

You are completely covered in rugged brown scales. (AC +3, +7% HP)
Armour fits poorly on your strangely shaped body.
You have a long armoured tail.
You roll when moving toward enemies. (Rampage)
Your long tongue fully drains potion bottles. (2x potion effects)
Your tongue gives you trouble enunciating. (1.5x scroll delay)


Message History

The sea snake is almost dead.
You feel extremely sick. The sea snake bites you.
You are too injured to fight recklessly!
You are too injured to fight recklessly!
You are too injured to fight recklessly!
You are too injured to fight recklessly!
You are too injured to fight recklessly!
You are too injured to fight recklessly!
You are too injured to fight recklessly!
You are too injured to fight recklessly!
You are too injured to fight recklessly!
You are too injured to fight recklessly!
You are too injured to fight recklessly!
You are too injured to fight recklessly!
You are too injured to fight recklessly!
You are too injured to fight recklessly!
You are too injured to fight recklessly!
You are too injured to fight recklessly!
You miss the sea snake.
The sea snake is almost dead.
You feel extremely sick.
You miss the sea snake.
The sea snake is almost dead.
* * * LOW HITPOINT WARNING * * *
You feel extremely sick. The sea snake bites you!!
* * * LOW HITPOINT WARNING * * *
You slice the sea snake!!
You kill the sea snake!
Trog accepts your kill.
* * * LOW HITPOINT WARNING * * *
You feel very sick.
Your Fighting skill increases to level 9!
Your Axes skill increases to level 9!
Your Armour skill increases to level 8!
Your Dodging skill increases to level 5!
You have reached level 8!
You feel stronger.
Unknown command.
You die...

#.#........##.......#
#'###########.......#
#.).....# #########
#.)#.#..# #)##.##.#
#.)).)..#+#
#.##.##.#.+
#..#.#..#'#
#.......@.#
###########


There were no monsters in sight!

Vanquished Creatures
  A sea snake (D)
  A flying skull (D)
  2 ogres (D)
  An orc priest (D)
  A quasit (D)
  A gnoll bouda (D)
  An iron imp (D)
  2 orc wizards (D)
  4 gnolls (D)
  2 orcs (D)
  3 bats (D)
  2 jackals (D)
  A ball python (D)
  A ball python skeleton (D)
  A frilled lizard (D)
  2 kobolds (D)
26 creatures vanquished.

Notes
Turn   | Place    | Note
-------+----------+-------------------------------------------
     0 | D        | mhtbhm the Armataur Berserker began the quest for the Orb.
     0 | D        | Reached XP level 1. HP: 19/19 MP: 1/1
    21 | D        | Found a bloodstained altar of Trog.
    21 | D        | Found a shimmering blue altar of Sif Muna.
    21 | D        | Found a viscous altar of Jiyva.
    21 | D        | Found a hazy altar of Hepliaklqana.
    21 | D        | Found an opulent altar of Gozag.
    55 | D        | Reached ** piety under Trog
    76 | D        | Noticed a quasit
    77 | D        | Reached *** piety under Trog
    78 | D        | Reached skill level 1 in Stealth
    78 | D        | Reached XP level 2. HP: 27/27 MP: 2/2
    88 | D        | Reached XP level 3. HP: 36/36 MP: 3/3
   141 | D        | Found a glowing golden altar of the Shining One.
   141 | D        | Found a glowing silver altar of Zin.
   141 | D        | Found a basalt altar of Yredelemnul.
   141 | D        | Found a shimmering altar of Xom.
   141 | D        | Found an ornate altar of the Wu Jian Council.
   141 | D        | Found a sacrificial altar of Ru.
   141 | D        | Found a stormy altar of Qazlal.
   141 | D        | Found an iron altar of Okawaru.
   141 | D        | Found a sparkling altar of Nemelex Xobeh.
   141 | D        | Found a burning altar of Makhleb.
   141 | D        | Found a blossoming altar of Fedhas.
   141 | D        | Found a white marble altar of Elyvilon.
   141 | D        | Found a shadowy altar of Dithmenos.
   141 | D        | Found a snail-covered altar of Cheibriados.
   167 | D        | Noticed an ogre
   167 | D        | Noticed a flying skull
   169 | D        | Reached **** piety under Trog
   172 | D        | Reached skill level 5 in Fighting
   172 | D        | Reached skill level 5 in Axes
   172 | D        | Reached XP level 4. HP: 44/44 MP: 4/4
   173 | D        | Killed a flying skull
   174 | D        | Reached skill level 5 in Armour
   174 | D        | Reached XP level 5. HP: 54/54 MP: 5/5
   174 | D        | Killed an ogre
   175 | D        | Reached XP level 6. HP: 64/64 MP: 6/6
   177 | D        | Reached ***** piety under Trog
   189 | D        | Received a gift from Trog
   197 | D        | Reached XP level 7. HP: 73/73 MP: 7/7
   254 | D        | Noticed a sea snake
   262 | D        | Killed a sea snake
   263 | D        | Reached skill level 5 in Dodging
   263 | D        | Reached XP level 8. HP: 7/83 MP: 8/8
   263 | D        | Succumbed to a sea snake's poison

Illustrated notes

Levels and vault maps discovered:
D:        pitsprint [storerooms_1, entrance_room_1, metal_vault_2, armoury_2,
          mini_pit_1, grid_room_1, main_hall_1, silver_pit, the_coven_1,
          the_vestibule_1, steel_vault_3, golden_pit, hallway_of_sentries,
          crystal_vault_6, iron_vault_1, final_vault]

Skill      XL: |  1  2  3  4  5  6  7 |
---------------+----------------------+-----
Fighting       | 3 4 5 6 7 8 9 |  9.6
Axes           | 3 4 5 6 7 8 9 |  9.7
Stealth        | 1 2 |  2.8
Armour         | 3 4 5 6 7 8 |  8.0
Dodging        | 2 3 4 5 |  5.0

Action                   |  1- 3 |  4- 6 |  7- 9 || total
-------------------------+-------+-------+-------++-------
Melee: Hand axe          |    27 |    22 |    11 ||    60
       Tailslap          |     4 |     2 |     4 ||    10
Invok: Berserk           |     2 |       |     1 ||     3
 Stab: Sleeping          |     1 |       |       ||     1
Armor: Animal skin       |    16 |       |       ||    16
       Chain mail        |     1 |     6 |     4 ||    11
Dodge: Dodged            |    21 |     3 |       ||    24

Table legend: (Time is in decaauts)
 A = Elapsed time spent in this place.
 B = Non-inter-level travel time spent in this place.
 C = Inter-level travel time spent in this place.
 D = Time resting spent in this place.
 E = Time spent auto-exploring this place.
 F = Levels seen in this place.
 G = Mean time per level.
                   A        B        C        D        E       F      G
               +--------+--------+--------+--------+--------+-----+--------+
         Total |    271 |    271 |      0 |     27 |     20 |   1 |  271.0 |
       Dungeon |    271 |    271 |      0 |     27 |     20 |   1 |  271.0 |
               +--------+--------+--------+--------+--------+-----+--------+

Top non-repeatable levels by time:
       D: 271 daAuts
